 Dungeon Sprint DCSS version 0.30.1-5-ged363bc7ee (webtiles) character file.

Game seed: 6065931892051782829

5188 Heoruswealwe the Severer (level 10, -13/105 HPs)
             Began as a Hill Orc Fighter on Sept 19, 2023.
             Was the Champion of the Shining One.
             Mangled by a spriggan defender
             ... wielding a +1 quick blade of draining
              (14 damage)
             ... in the Dungeon (Sprint VII: "The Pits").
             The game lasted 00:12:01 (952 turns).

Heoruswealwe the Severer (Hill Orc Fighter)          Turns: 952, Time: 00:12:02

Health: -13/105    AC: 22    Str: 30    XL:     10   Next: 60%
Magic:  8/10       EV:  8    Int:  8    God:    the Shining One [******]
Gold:   0          SH:  7    Dex: 10    Spells: 9/9 levels left

rFire   . . .        a - +1 broad axe (freeze)
rCold   . . .        d - +0 buckler
rNeg    + + +        c - +3 plate armour
rPois   .            (no helmet)
rElec   .            h - +0 cloak
rCorr   .            f - +0 pair of gloves
SInv    .            (no boots)
Will    .....        (no amulet) Stlth
                     k - +3 ring of strength
HPRegen 0.37/turn    j - +3 ring of strength
MPRegen 0.12/turn

%: no teleportation
@: mighty, on berserk cooldown, slowed, glowing, very slow
A: no striking features
a: Renounce Religion, Divine Shield, Cleansing Flame, Summon Divine Warrior,
Brand Weapon With Holy Wrath


You were in the Dungeon.
You worshipped the Shining One.
The Shining One was exalted by your worship.
You visited 1 branch

Inventory:

Hand Weapons
 a - a +1 broad axe of freezing (weapon)
 b - a +1 battleaxe
Armour
 c - a +3 plate armour (worn)
 d - a +0 buckler (worn)
 f - a +0 pair of gloves (worn)
 h - a +0 cloak (worn)
Jewellery
 j - a +3 ring of strength (right hand)
 k - a +3 ring of strength (left hand)
Scrolls
 n - a scroll of blinking
Potions
 e - 2 potions of curing
 i - 2 potions of berserk rage
 l - a potion of resistance
 m - 3 potions of mutation
 o - a potion of might


   Skills:
 + Level 15.1 Fighting
 + Level 16.1 Axes
 + Level 14.0 Armour
 + Level 14.0 Shields


You had 9 spell levels left.
You didn't know any spells.
Your spell library was empty.

Dungeon Overview and Level Annotations

Branches:
Dungeon (1/1)

Altars:
Ashenzari
Cheibriados
Dithmenos
Elyvilon
Fedhas
Gozag
Hepliaklqana
Kikubaaqudgha
Makhleb
Nemelex Xobeh
Okawaru
Qazlal
Ru
Sif Muna
Trog
Uskayaw
Vehumet
Wu Jian
Xom
Yredelemnul
Zin
The Shining One
Beogh
Jiyva
Lugonu


Message History

The spriggan defender closely misses you.
You feel your anger nearly subside.
The spriggan defender attacks as you move away!
You block the spriggan defender's attack.
You are no longer berserk.
You are exhausted.
You feel yourself slow down.
There is an open door, spattered with blood here.
Items here: )) ††.
Your resistance to elements expires.
The spriggan defender barely misses you.
You feel better.
The spriggan defender hits you but does no damage.
The spriggan defender hits you with a +1 quick blade of draining!
* * * LOW HITPOINT WARNING * * *
The spriggan defender hits you but does no damage.
You feel better.
The spriggan defender hits you with a +1 quick blade of draining!
* * * LOW HITPOINT WARNING * * *
The vampire knight gestures wildly while chanting.
The vampire knight seems to speed up.
The spriggan defender hits you but does no damage.
You feel better.
The spriggan defender hits you with a +1 quick blade of draining!
The Shining One protects you from harm!
The vampire knight points at you and mumbles some strange words.
The vampire knight blinks!
The death knight offers itself to Yredelemnul, and fills with unholy energy.
You block the spriggan defender's attack.
The vampire knight gestures at you while chanting.
You resist with significant effort.
You hit the vampire knight but do no damage.
The vampire knight is moderately damaged.
You slice the spriggan defender!! You freeze the spriggan defender.
The spriggan defender hits you with a +1 quick blade of draining!
* * * LOW HITPOINT WARNING * * *
The vampire knight hits you but does no damage.
The vampire knight barely misses you.
The spriggan defender hits you with a +1 quick blade of draining!
You die...

###################
#..................
#..................
#..################ #..##.#.#.#
# #..#p#.#.# # #V@i#.#.# #
#..#§#.#p# # #.)##.#.#.# #
#..################
#############..................
#_________.##..................
#_________.###########''#######
#_______...###########''######
##########'##................#


You could see a death knight (reflects damage), a vampire knight (fast) and a
spriggan defender.

Vanquished Creatures
  A hydra (D)
  A two-headed ogre (D)
  A sun demon (D)
  A deep elf pyromancer (D)
  A manticore (D)
  A molten gargoyle (D)
  A troll (D)
  4 yaks (D)
  A fire elemental (D)
  A neqoxec (D)
  A vampire mosquito (D)
  A redback (D)
  A warg (D)
  2 floating eyes (D)
  A black bear (D)
  A phantom (D)
  A bullfrog (D)
  2 scorpions (D)
  4 wights (D)
  A small abomination (D)
  A crimson imp (D)
  A jelly (D)
  2 orc wizards (D)
  2 adders (D)
  A river rat (D)
  2 ufetubi (D)
  3 orcs (D)
  A giant cockroach (D)
  2 jackals (D)
  2 ball pythons (D)
  A quokka simulacrum (D)
  A rat (D)
47 creatures vanquished.

Notes
Turn   | Place    | Note
-------+----------+-------------------------------------------
     0 | D        | Heoruswealwe the Hill Orc Fighter began the quest for the
                  | Orb.
     0 | D        | Reached XP level 1. HP: 19/19 MP: 1/1
    35 | D        | Reached skill level 3 in Axes
    70 | D        | Found a bloodstained altar of Trog.
    70 | D        | Found a shimmering blue altar of Sif Muna.
    70 | D        | Found a viscous altar of Jiyva.
    70 | D        | Found a hazy altar of Hepliaklqana.
    70 | D        | Found an opulent altar of Gozag.
    71 | D        | Found a glowing golden altar of the Shining One.
    71 | D        | Found a glowing silver altar of Zin.
    71 | D        | Found a basalt altar of Yredelemnul.
    71 | D        | Found a shimmering altar of Xom.
    71 | D        | Found an ornate altar of the Wu Jian Council.
    71 | D        | Found a sacrificial altar of Ru.
    71 | D        | Found a stormy altar of Qazlal.
    71 | D        | Found an iron altar of Okawaru.
    71 | D        | Found a sparkling altar of Nemelex Xobeh.
    71 | D        | Found a burning altar of Makhleb.
    71 | D        | Found a blossoming altar of Fedhas.
    71 | D        | Found a white marble altar of Elyvilon.
    71 | D        | Found a shadowy altar of Dithmenos.
    71 | D        | Found a snail-covered altar of Cheibriados.
    72 | D        | Found a radiant altar of Vehumet.
    72 | D        | Found a corrupted altar of Lugonu.
    72 | D        | Found a roughly hewn altar of Beogh.
    73 | D        | Found a hide-covered altar of Uskayaw.
    73 | D        | Found an ancient bone altar of Kikubaaqudgha.
    73 | D        | Found a broken altar of Ashenzari.
    75 | D        | Became a worshipper of the Shining One
    87 | D        | Reached skill level 4 in Axes
    87 | D        | Reached XP level 2. HP: 28/28 MP: 2/2
    94 | D        | Reached * piety under the Shining One
   102 | D        | Noticed a scorpion
   102 | D        | Noticed a scorpion
   103 | D        | Noticed a floating eye
   106 | D        | Killed a scorpion
   107 | D        | Reached skill level 5 in Axes
   107 | D        | Reached skill level 5 in Armour
   107 | D        | Reached skill level 5 in Shields
   107 | D        | Reached XP level 3. HP: 37/37 MP: 3/3
   107 | D        | Reached XP level 4. HP: 44/44 MP: 4/4
   107 | D        | Paralysed by a floating eye for 4 turns
   112 | D        | Killed a floating eye
   113 | D        | Reached skill level 7 in Axes
   113 | D        | Reached XP level 5. HP: 52/52 MP: 5/5
   116 | D        | Reached skill level 8 in Axes
   116 | D        | Reached XP level 6. HP: 61/61 MP: 6/6
   188 | D        | Reached ** piety under the Shining One
   198 | D        | Reached *** piety under the Shining One
   200 | D        | Noticed a black bear
   202 | D        | Reached **** piety under the Shining One
   206 | D        | Reached skill level 9 in Axes
   227 | D        | Reached skill level 10 in Axes
   227 | D        | Reached XP level 7. HP: 47/70 MP: 7/7
   237 | D        | Reached ***** piety under the Shining One
   238 | D        | Reached skill level 10 in Fighting
   267 | D        | Noticed a warg
   273 | D        | Killed a warg
   274 | D        | Reached skill level 11 in Axes
   414 | D        | Noticed a vampire mosquito
   420 | D        | Killed a vampire mosquito
   421 | D        | Reached skill level 10 in Armour
   421 | D        | Reached skill level 10 in Shields
   421 | D        | Reached XP level 8. HP: 82/82 MP: 8/8
   457 | D        | Reached ****** piety under the Shining One
   457 | D        | Noticed a molten gargoyle
   493 | D        | Killed a molten gargoyle
   494 | D        | Reached skill level 12 in Axes
   891 | D        | Noticed a yak
   891 | D        | Noticed a yak
   891 | D        | Noticed a yak
   891 | D        | Noticed a troll
   893 | D        | Killed a yak
   895 | D        | Killed a troll
   896 | D        | Reached skill level 13 in Axes
   896 | D        | Reached XP level 9. HP: 91/91 MP: 9/9
   896 | D        | Noticed a deep elf pyromancer
   898 | D        | Noticed a two-headed ogre
   901 | D        | Noticed a five-headed hydra
   902 | D        | Noticed a manticore
   909 | D        | Killed a deep elf pyromancer
   910 | D        | Reached skill level 14 in Axes
   912 | D        | Killed a ten-headed hydra
   913 | D        | Reached XP level 10. HP: 69/103 MP: 10/10
   915 | D        | Killed a manticore
   915 | D        | Noticed a sun demon
   916 | D        | Reached skill level 15 in Axes
   919 | D        | Killed a sun demon
   925 | D        | Killed a two-headed ogre
   926 | D        | Reached skill level 15 in Fighting
   926 | D        | Reached skill level 16 in Axes
   933 | D        | Noticed a vampire knight
   938 | D        | Noticed a death knight
   942 | D        | Noticed a spriggan defender
   951 | D        | The Shining One protects you from harm!
   952 | D        | HP: 1/105 [spriggan defender/+1 quick blade of draining
                  | (12)]
   952 | D        | Mangled by a spriggan defender

Illustrated notes

Levels and vault maps discovered:
D:        pitsprint [storerooms_1, entrance_room_1, metal_vault_1, armoury_3,
          mini_pit_1, grid_room_1, main_hall_1, silver_pit, the_coven_2,
          the_vestibule_1, steel_vault_4, golden_pit, hallway_of_sentries,
          crystal_vault_1, iron_vault_3, final_vault]

Skill      XL: |  1  2  3  4  5  6  7  8  9 10 |
---------------+-------------------------------+-----
Fighting       | 4 6 7 8 9 11 12 14 15 | 15.1
Axes           | 4 5 7 8 10 11 13 14 16 | 16.1
Armour         | 4 5 6 7 8 10 11 12 14 | 14.0
Shields        | 4 5 6 7 8 10 11 12 14 | 14.0

Action                     |  1- 3 |  4- 6 |  7- 9 | 10-12 || total
---------------------------+-------+-------+-------+-------++-------
  Melee: War axe           |    16 |     6 |       |       ||    22
         Hand axe          |       |    29 |    17 |       ||    46
         Battleaxe         |       |       |    46 |       ||    46
         Broad axe         |       |       |    19 |    21 ||    40
    Use: Potion            |     1 |       |    10 |     5 ||    16
 Armour: Scale mail        |     9 |     1 |       |       ||    10
         Plate armour      |       |    11 |    54 |    12 ||    77
  Dodge: Dodged            |     9 |     4 |    17 |     7 ||    37
  Block: Buckler           |     2 |    12 |     5 |     5 ||    24
